 Dungeon Crawl Stone Soup version 0.26-a0-652-gafc20e3620 (webtiles) character file.

Game seed: 6617807041460066955

535 Descartes the Magician (level 7, -2/36 HPs)
             Began as a Deep Elf Air Elementalist on Oct 3, 2020.
             Slain by a gnoll
             ... wielding a +0 club
              (5 damage)
             ... on level 3 of the Dungeon.
             The game lasted 00:11:45 (3972 turns).

Descartes the Magician (Deep Elf Air Elementalist)  Turns: 3972, Time: 00:11:50

Health: -2/36      AC:  3    Str:  7    XL:     7   Next: 4%
Magic:  8/16       EV: 14    Int: 20    God:
Gold:   288        SH:  0    Dex: 15    Spells: 15/16 levels left

rFire    . . .     SeeInvis .   A - +1 dagger (venom)
rCold    . . .     Faith    .   (no shield)
rNeg     . . .     Spirit   .   w - +0 leather armour
rPois    .         Reflect  .   B - +0 hat
rElec    .         Harm     .   (no cloak)
rCorr    .         Rampage  .   (no gloves)
MR       .....                  (no boots)
Stlth    +++.......             l - amulet of regeneration
HPRegen  0.52/turn              (no ring)
MPRegen  0.15/turn              (no ring)

@: no status effects
A: no striking features
a: no special abilities


You were on level 3 of the Dungeon.
You visited 1 branch of the dungeon, and saw 4 of its levels.

You collected 288 gold pieces.

Inventory:

Hand Weapons
 g - a +1 short sword
 A - a +1 dagger of venom (weapon)
Missiles
 b - 185 stones
 h - 15 arrows
 m - 28 bolts
 o - 21 sling bullets
 C - 5 boomerangs of dispersal (quivered)
 D - 4 javelins
Armour
 a - a +0 robe
 w - a +0 leather armour (worn)
 B - a +0 hat (worn)
Jewellery
 d - an uncursed amulet of reflection
 l - an amulet of regeneration (around neck)
Wands
 k - a wand of flame (35)
 v - a wand of polymorph (1)
 z - a wand of iceblast (8)
Scrolls
 c - 2 scrolls of immolation
 f - 2 scrolls of enchant weapon
 j - 3 scrolls of remove curse
 n - a scroll of magic mapping {unknown}
 q - a scroll of fog {unknown}
 r - a scroll of amnesia
 t - a scroll of teleportation {unknown}
 x - a scroll of blinking {unknown}
Potions
 e - a potion of curing
 i - a potion of stabbing
 p - 2 potions of haste
 s - a potion of brilliance
 u - a potion of cancellation


   Skills:
 + Level 4.7 Dodging
 - Level 5.0 Stealth
 - Level 5.0 Spellcasting
 + Level 3.7 Conjurations
 + Level 4.4 Air Magic


You had 15 spell levels left.
You knew the following spells:

 Your Spells              Type           Power        Failure   Level
a - Shock                 Conj/Air       ###.         3%          1

Your spell library contained the following spells:

 Spells                   Type           Power        Failure   Level
 Swiftness                Air            ###.....     4%          2
 Static Discharge         Conj/Air       ###.....     10%         3
 Airstrike                Air            ###.......   28%         4
 Lightning Bolt           Conj/Air       ###.......   65%         5


Dungeon Overview and Level Annotations

Branches:
Dungeon (4/15)
 Temple: D:4-7

Altars:
Elyvilon
Wu Jian


Message History

Aim: a gnoll, wielding a +0 vorpal flail (severely wounded)
The zap hits the gnoll.
The gnoll is almost dead.
The gnoll hits you with a +0 club! The gnoll barely misses you.
The gnoll hits you with a +0 club. The gnoll hits you but does no damage.
The gnoll hits you with a +0 vorpal flail!
* * * LOW HITPOINT WARNING * * *
x2 You climb upwards.
There is a stone staircase leading down here.
Casting: Shock (safe; 3% risk of failure)
Confirm with . or Enter, or press ? or * to list all spells.
Aiming: Shock (safe; 3% risk of failure)
Press: ? - help, Shift-Dir - straight line The zap misses the gnoll.
The zap hits the gnoll.
The gnoll is moderately wounded.
The zap hits the gnoll.
The gnoll is moderately wounded.
The gnoll completely misses you. The gnoll hits you with a +0 club.
You die...

#.......... #.......... ###
########.......... ..#
#................. ..###
#####.............>...
....########.).........#.........
....).........##.......##.....#..
.............#########....##..##.
...........##...@g####.##.##.##..
#...#..........g.g.....##.#..#...
#..................<#####.#......
....................# #....##..
....................# ##.#......
.#..........<.......####...†.....
.#.#................#............
##.#.............................
##.##.................###.......[


You could see 3 gnolls.

Vanquished Creatures
  Grinder (D:3)
  An ogre (D:2)
  A gnoll shaman (D:4)
  Ijyb (D:2)
  6 gnolls
  7 adders
  A worm (D:2)
  A leopard gecko (D:2)
  4 orcs
  11 bats
  4 giant cockroaches
  10 goblins
  3 hobgoblins (D:2)
  12 jackals
  8 kobolds
  3 quokkas
  4 frilled lizards
  6 rats
84 creatures vanquished.

Notes
Turn   | Place    | Note
-------+----------+-------------------------------------------
     0 | D:1      | Descartes the Deep Elf Air Elementalist began the quest for
                  | the Orb.
     0 | D:1      | Reached XP level 1. HP: 10/10 MP: 6/6
   231 | D:1      | Reached XP level 2. HP: 15/15 MP: 6/8
   634 | D:2      | Found an ornate altar of the Wu Jian Council.
   821 | D:2      | Reached XP level 3. HP: 19/19 MP: 4/9
  1241 | D:2      | Reached XP level 4. HP: 24/24 MP: 8/11
  1987 | D:3      | Noticed Ijyb
  2481 | D:3      | Reached XP level 5. HP: 28/28 MP: 8/13
  2559 | D:3      | Noticed an ogre
  2569 | D:2      | Killed an ogre
  2991 | D:2      | Killed Ijyb
  2991 | D:2      | Reached XP level 6. HP: 28/32 MP: 4/14
  3695 | D:3      | Found a white marble altar of Elyvilon.
  3804 | D:4      | Noticed Grinder
  3820 | D:3      | Killed Grinder
  3820 | D:3      | Reached skill level 5 in Stealth
  3820 | D:3      | Reached skill level 5 in Spellcasting
  3966 | D:4      | Reached XP level 7. HP: 36/36 MP: 11/16
  3972 | D:3      | Slain by a gnoll

Illustrated notes

Levels and vault maps discovered:
D:1:      lemuel_arrival_cross, layout_rooms
D:2:      layout_basic, overflow_temple_1_default
D:3:      layout_rooms, lemuel_doored_altar, uniq_ijyb
D:4:      layout_cave_pools, old_standard_altar, serial_shops, shop_statue,
          kennysheep_mini, uniq_grinder

Skill      XL: |  1  2  3  4  5  6 |
---------------+-------------------+-----
Stealth        | 3 4 5 |  5.0
Dodging        | 3 4 |  4.7
Conjurations   | 2 3 |  3.7
Spellcasting   | 4 5 |  5.0
Air Magic      | 4 |  4.4

Action                   |  1- 3 |  4- 6 |  7- 9 || total
-------------------------+-------+-------+-------++-------
Melee: Short sword       |       |     2 |       ||     2
 Cast: Shock             |    63 |   175 |     5 ||   243
  Use: Scroll            |       |     8 |       ||     8
       Potion            |       |     2 |       ||     2
Armor: Robe              |       |     9 |       ||     9
       Leather armour    |       |     3 |     3 ||     6
Dodge: Dodged            |     5 |    56 |     5 ||    66
Block: Other             |     1 |    13 |       ||    14
       Reflection        |       |     1 |       ||     1

Table legend: (Time is in decaauts)
 A = Elapsed time spent in this place.
 B = Non-inter-level travel time spent in this place.
 C = Inter-level travel time spent in this place.
 D = Time resting spent in this place.
 E = Time spent auto-exploring this place.
 F = Levels seen in this place.
 G = Mean time per level.
                   A        B        C        D        E       F      G
               +--------+--------+--------+--------+--------+-----+--------+
         Total |   3985 |   3874 |    111 |    174 |   3113 |   4 |  996.2 |
       Dungeon |   3985 |   3874 |    111 |    174 |   3113 |   4 |  996.2 |
               +--------+--------+--------+--------+--------+-----+--------+

Top non-repeatable levels by time:
     D:2: 2307 daAuts
     D:3: 905 daAuts
     D:1: 710 daAuts
     D:4: 62 daAuts
